 Dungeon Crawl Stone Soup version 0.18-a0-1291-g395b48e (webtiles) character file.

1250607 Faustar the Conqueror (level 27, -4/251 (256) HPs)
             Began as a Formicid Fighter on Feb 9, 2016.
             Was the Champion of the Shining One.
             Engulfed by Gloorx Vloq's foul pestilence (8 damage)
             ... in Pandemonium on Feb 10, 2016.
             The game lasted 08:19:49 (113706 turns).

Faustar the Conqueror (Formicid Fighter)          Turns: 113706, Time: 08:19:49

HP:   -4/251 (256)  AC: 47    Str: 48    XL:     27
MP:   3/40          EV: 23    Int: 13    God:    the Shining One [******]
Gold: 11040         SH: 61    Dex: 12    Spells: 0 memorised, 26 levels left

rFire  + + +     SeeInvis +     P - +9 triple sword (holy)
rCold  . . .     Gourm    .     S - +15 Maxwell's patent armour {-Cast -Tele rElec MR+ rCorr}
rNeg   + + +     Faith    .     Y - +8 large shield
rPois  +         Spirit   .     (helmet unavailable)
rElec  +         Dismiss  .     c - +1 cloak of the End {rPois rF+ Dex+2}
rCorr  +         Reflect  +     U - +0 pair of gloves of Impressiveness {-Cast Str+3 SInv}
SustAt +         Harm     .     j - +2 pair of boots {Fly}
MR     +++..     NoCast   +     u - +4 amulet of reflection
Stlth  ..........               m - ring of Beig {SustAt Str+3}
                                g - ring of Zylo {rElec rF++ Str+5 Int+3}

@: mighty, lethally poisoned (-4 -> -43), divine shield, weakened, flying,
non-regenerating, diseased, glowing, extremely resistant to hostile
enchantments, extremely unstealthy
A: permanent stasis, dig shafts and tunnels, four strong arms, antennae 3,
rugged brown scales 1, fire resistance 1, regeneration 2
a: Dig, Shaft Self, Divine Shield, Cleansing Flame, Summon Divine Warrior,
Renounce Religion, Stop Flying
}: 13/15 runes: decaying, serpentine, slimy, silver, golden, iron, obsidian,
icy, bone, demonic, glowing, magical, fiery


You were in Pandemonium.
You worshipped the Shining One.
The Shining One was exalted by your worship.
You were not hungry.

You visited 16 branches of the dungeon, and saw 85 of its levels.
You visited Pandemonium 1 time, and saw 38 of its levels.

You collected 14297 gold pieces.
You spent 3257 gold pieces at shops.

Inventory:

Hand Weapons
 P - a +9 triple sword of holy wrath (weapon)
Armour
 c - the +1 cloak of the End (worn) {rPois rF+ Dex+2}
   (Okawaru gifted it to you on level 1 of the Swamp)

   It affects your dexterity (+2).
   It protects you from fire.
   It protects you from poison.
 j - a +2 pair of boots of flying (worn)
 l - a +2 pair of boots of running
 q - the +2 pair of boots of the Tundras {rPois Str+3 Stlth+}
   (You found it in Pandemonium)

   It affects your strength (+3).
   It protects you from poison.
   It makes you more stealthy.
 S - the +15 Maxwell's patent armour (worn) {-Cast -Tele rElec MR+ rCorr}
   (You bought it in a shop on level 8 of the Dungeon)

   It insulates you from electricity.
   It affects your resistance to hostile enchantments.
   It prevents spellcasting.
   It prevents most forms of teleportation.
   It protects you from acid and corrosion.
 U - the +0 pair of gloves of Impressiveness (worn) {-Cast Str+3 SInv}
   (You found it on level 1 of the Tomb of the Ancients)

   It affects your strength (+3).
   It lets you see invisible.
   It prevents spellcasting.
 X - the +0 pair of boots "Qolufaem" {Regen+ MP+9}
   (You found it in Pandemonium)

   It affects your magic capacity (+9).
   It increases your rate of regeneration.
 Y - a +8 large shield (worn)
Jewellery
 g - the ring of Zylo (left hand) {rElec rF++ Str+5 Int+3}
   (You acquired it on level 4 of the Vaults)

   [ring of intelligence]

   It affects your strength (+5).
   It affects your intelligence (+3).
   It greatly protects you from fire.
   It insulates you from electricity.
 m - the ring of Beig (right hand) {SustAt Str+3}
   (You acquired it on level 1 of the Vaults)

   [ring of sustain attributes]

   It sustains your strength, intelligence and dexterity.
   It affects your strength (+3).
 p - the ring "Zasit" {+Fly Int+2 Dex+4}
   (You found it in Pandemonium)

   [ring of flight]

   It affects your intelligence (+2).
   It affects your dexterity (+4).
   It lets you fly.
 s - the amulet of Internal Strife {Faith rElec rN+ Int+3}
   (You found it on level 7 of the Iron City of Dis)

   [amulet of faith]

   It allows you to gain divine favour quickly.
   It affects your intelligence (+3).
   It insulates you from electricity.
   It protects you from negative energy.
 u - a +4 amulet of reflection (around neck)
 w - the ring "Xexatu" {rC+ Str-5 Dex+4 SInv Stlth+}
   (You found it in Pandemonium)

   [ring of see invisible]

   It affects your strength (-5).
   It affects your dexterity (+4).
   It protects you from cold.
   It lets you see invisible.
   It makes you more stealthy.
 y - an uncursed ring of protection from cold
 B - the amulet "Soculol" {+Rage rPois rC+ MP+9 Int+4}
   (You found it in Pandemonium)

   [amulet of rage]

   It affects your intelligence (+4).
   It protects you from cold.
   It protects you from poison.
   It affects your magic capacity (+9).
   It lets you go berserk.
 D - the ring "Siduagg" {rPois rC+ rN+++ Int-3}
   (You found it in Pandemonium)

   [ring of protection from cold]

   It affects your intelligence (-3).
   It protects you from cold.
   It protects you from poison.
   It renders you almost immune to negative energy.
 Q - the amulet of Ceotij {Gourm Str+2}
   (You found it on level 3 of the Tomb of the Ancients)

   [amulet of the gourmand]

   It allows you to eat raw meat even when not hungry.
   It affects your strength (+2).
 W - an uncursed ring of protection from magic
Wands
 L - a wand of confusion (31/48)
Scrolls
 d - 3 scrolls of magic mapping
 e - 15 scrolls of fog
 h - a scroll of holy word
 k - 33 scrolls of remove curse
 r - 3 scrolls of enchant weapon
 x - 2 scrolls of silence
 z - a scroll of brand weapon
 C - 9 scrolls of identify
 F - 9 scrolls of fear
 H - 11 scrolls of recharging
 I - 8 scrolls of enchant armour
 R - 2 scrolls of summoning
Potions
 a - 2 potions of magic
 i - 6 potions of ambrosia
 n - 4 potions of cure mutation
 o - 6 potions of heal wounds
 v - 22 potions of curing
 E - 5 potions of agility
 G - a potion of resistance
 J - 2 potions of might
 M - a potion of brilliance
 T - 3 potions of cancellation
Books
 t - a Young Poisoner's Handbook

   Spells                             Type                      Level
   a - Sting                          Conjuration/Poison           1
   b - Cure Poison                    Poison                       2
   c - Mephitic Cloud                 Conjuration/Poison/Air       3
   d - Olgreb's Toxic Radiance        Poison                       4
   e - Venom Bolt                     Conjuration/Poison           5
Comestibles
 b - 26 meat rations
 f - 32 bread rations
 A - 43 fruits
 K - 8 beef jerkies


   Skills:
 O Level 27 Fighting
 O Level 27 Long Blades
 O Level 27 Armour
 O Level 27 Dodging
 O Level 27 Shields
 O Level 27 Invocations
 + Level 8.6 Evocations


You had 26 spell levels left.
You didn't know any spells.

Dungeon Overview and Level Annotations

Branches:
Dungeon (15/15)            Temple (1/1) D:7            Lair (8/8) D:8
  Swamp (4/4) Lair:5        Snake (4/4) Lair:6        Slime (6/6) Lair:7
    Orc (2/2) D:10            Elf (0/3) Orc:2        Vaults (5/5) D:13
  Crypt (3/3) Vaults:3       Tomb (3/3) Crypt:3      Depths (5/5) D:15
   Hell (1/1)                 Dis (7/7) Hell            Geh (7/7) Hell
    Coc (7/7) Hell            Tar (7/7) Hell            Zot (0/5) Depths:5

Altars:
Ashenzari
Cheibriados
Dithmenos
Elyvilon
Fedhas
Gozag
Kikubaaqudgha
Makhleb
Nemelex Xobeh
Okawaru
Pakellas
Qazlal
Ru
Sif Muna
Trog
Vehumet
Xom
Yredelemnul
Zin
The Shining One
Jiyva

Shops:
D:8 [   Orc:1 *   Orc:2 :*([   Snake:4 [   Vaults:4 ?   Depths:4 [
Depths:5 ?([[[

Portals:
Hell: Depths:1 Depths:2 Depths:3 Depths:4 Depths:5
Abyss: Depths:4
Pandemonium: Depths:3
Ziggurat: Depths:4
Trove: D:13 (give +2 shadow dragon armour)

Annotations:
Vaults:2 exclusion: downstairs
Pan Gloorx Vloq


Innate Abilities, Weirdness & Mutations

You are under a permanent stasis effect.
You can dig through walls and to a lower floor.
Your four strong arms can wield two-handed weapons with a shield.
You have a pair of large antennae on your head (SInv).
You are partially covered in rugged brown scales (AC +1, +3% HP).
Your flesh is heat resistant.
You heal very quickly.


Message History

Gloorx Vloq is severely wounded.
The golden flame engulfs the Executioner.
The Executioner appears unharmed.
You feel somewhat more hungry.
You are engulfed in dark miasma.
You feel your flesh rotting away!
* * * LOW HITPOINT WARNING * * *
x2 You feel very sick.
You hear a hideous shriek!
You hear a chilling moan. x2
You block the Executioner's attack. x5; The Executioner closely misses you.
Gloorx Vloq gestures.
The Executioner hits you but does no damage.
The Executioner hits you.
* * * LOW HITPOINT WARNING * * *
The Executioner hits you but does no damage.
Gloorx Vloq closely misses you.
Drink which item? (? for menu, Esc to quit)
Your magical effects are unravelling.
You feel magically purged.
You are engulfed in dark miasma.
You feel your flesh rotting away!
You die...

*,,,* ##.........## #...#.#
,,,,* #...#.#.#...# #.....#
*,,,* *#.......A...## #...#.#
,*,,***..#.#.#.#.#..###..#..#
,,,,**,...........?..##.....#
,*,,**,#.#.#.#.#.#.#.##..#..#
*,,,**,..............##...#.#
,,,,***#####'''########.....#
*,,,,,,,...#..§#@§§.......#.#
,*,,,,,......11&§1§..=...#..#
,,*,,,*.#...#.#.11#.#...#...#
,,,*,*,..#.#...#1#...#.#....#
,,,,,,,............(........#
*******######################


You could see Gloorx Vloq and 6 Executioners.

Vanquished Creatures
  Cerebov (Pan)
  Antaeus (Coc:7)
  the Royal Jelly (Slime:6)
  Mnoleg (Pan)
  Ereshkigal (Tar:7)
  A seraph (Pan)
  Lom Lobon (Pan)
  5 ancient liches
  Khufu (Tomb:1)
  Mennas (Tomb:2)
  Mara (Depths:4)
  33 greater mummies
  Boris (Depths:4)
  9 iron giants
  Frederick (Tomb:1)
  7 shard shrikes
  Geryon (Hell)
  10 pandemonium lords (Pan)
  Xtahua (Vaults:3)
  6 doom hounds
  6 bone dragons
  23 Brimstone Fiends
  Jorgrun (Tomb:1)
  A hellephant (Hell)
  5 tentacled monstrosities
  17 Hell Sentinels
  21 Ice Fiends
  4 deep elf blademasters
  Asterion (Depths:1)
  7 liches
  5 quicksilver dragons
  12 titans
  2 deep elf master archers
  7 eldritch tentacles
  17 Shadow Fiends
  45 acid blobs
  9 ancient champions
  10 sphinxes
  20 Executioners (Pan)
  Gastronok (Lair:3)
  The ghost of Gottschkopf the Hoplite, an adept MiFi of Makhleb (Depths:1)
  Kirke (Snake:1)
  2 tengu reavers
  8 shadow dragons
  6 revenants
  5 storm dragons
  8 greater nagas
  2 thorn hunters (Swamp:3)
  12 frost giants
  2 daevas (Pan)
  31 azure jellies
  9 iron dragons
  25 fire giants
  4 deep elf sorcerers
  2 orc warlords
  15 cacodemons
  Aizul (Snake:1)
  18 vault wardens
  9 ghouls
  3 deep elf elementalists
  10 warmongers (Pan)
  3 curse skulls
  A draconian zealot (Depths:5)
  12 angels
  39 balrugs
  56 reapers
  A draconian shifter (Depths:5)
  33 stone giants
  16 ironheart preservers
  2 draconian annihilators (Pan)
  21 war gargoyles
  25 very ugly things
  3 spriggan defenders
  7 ophanim (Pan)
  7 vampire knights
  2 draconian callers (Depths:5)
  A green draconian (Crypt:3)
  3 corrupters (Pan)
  12 blood saints (Pan)
  3 apis (Pan)
  14 salamander stormcallers
  A deep elf demonologist (Vaults:5)
  2 yellow draconians
  8 black suns (Pan)
  6 deep elf annihilators
  15 chaos champions (Pan)
  4 bennus
  A red draconian (Crypt:1)
  A white draconian (Depths:5)
  The ghost of ZeroCool the Unseen, a journeyman SpEn of Kikubaaqudgha (Swamp:2)
  14 lorocyprocas
  Azrael (D:14)
  2 black draconians
  2 mottled draconians
  5 ettins
  3 deep elf death magi
  3 eidola
  33 vault guards
  5 quicksilver dragon zombies
  25 mummy priests
  11 green deaths (Pan)
  16 jiangshi
  23 great orbs of eyes
  Josephine (D:13)
  A kraken zombie (Coc:4)
  2 deep elf high priests (Vaults:5)
  12 fire dragons
  20 naga warriors
  Erolcha (D:8)
  28 blizzard demons
  15 ogre magi
  28 death oozes
  13 monstrous demonspawn (Pan)
  3 entropy weavers
  11 rakshasas
  13 hydras
  3 quicksilver dragon skeletons
  9 spriggan air magi
  8 yaktaur captains
  Harold (Lair:1)
  31 ice dragons
  4 ghost crabs
  4 hell beasts (Pan)
  5 catoblepae
  6 alligators
  18 anacondas
  4 death knights
  3 tengu warriors
  24 death yaks
  6 centaur warriors
  A queen ant (Lair:5)
  A dancing weapon (Dis:2)
  5 titan zombies
  13 vampire magi
  17 naga sharpshooters
  15 deep troll shamans
  4 orc high priests
  17 deep troll earth magi
  A shock serpent (shapeshifter) (Vaults:2)
  9 shock serpents
  64 sun demons
  10 hell hogs
  5 spriggan berserkers
  25 iron trolls
  22 deep elf knights
  17 iron golems
  57 hell knights
  8 salamander mystics
  34 soul eaters
  8 shadow wraiths
  105 skeletal warriors
  4 storm dragon zombies
  27 large abominations (Pan)
  106 death scarabs
  The ghost of Herrn the Blocker, a novice FoFi of Okawaru (D:8)
  3 titan skeletons
  7 storm dragon skeletons
  A fire crab (shapeshifter) (Vaults:5)
  3 fire crabs
  4 golden dragon zombies
  8 cherubim (Pan)
  22 shadow demons
  2 spriggan druids
  An unseen horror (shapeshifter) (Vaults:5)
  A death drake (Tar:7)
  A spark wasp zombie (Depths:4)
  19 infernal demonspawn (Pan)
  11 anaconda zombies
  16 putrid demonspawn (Pan)
  40 deep trolls
  21 deep elf archers
  21 gelid demonspawn (Pan)
  5 giant orange brains
  18 torturous demonspawn (Pan)
  7 swamp dragons
  9 wizards
  3 unseen horrors
  17 anubis guards
  2 shambling mangroves (Swamp:3)
  4 ghost moth zombies
  22 flayed ghosts
  15 phantasmal warriors
  6 naga ritualists
  13 orc knights
  9 hill giants
  21 ironbrand convokers
  4 harpies (Vaults:1)
  2 harpies (shapeshifter)
  An orb spider (shapeshifter) (Vaults:4)
  25 necromancers
  5 iron dragon zombies
  4 lindwurms (Snake:4)
  7 wolf spider zombies
  4 anaconda skeletons
  5 orc sorcerers
  20 mana vipers
  7 shadow dragon zombies
  A golden dragon skeleton (Tar:6)
  9 stone giant zombies
  3 sphinx zombies
  A wolf spider (shapeshifter) (Depths:1)
  6 wolf spiders
  A mana viper (shapeshifter) (D:15)
  45 ugly things
  A manticore (shapeshifter) (D:13)
  7 griffons
  8 cyclopes
  A shining eye (shapeshifter) (Vaults:1)
  22 sixfirhies (Pan)
  7 frost giant zombies
  5 shadow dragon skeletons
  A tengu skeleton (Depths:2)
  9 shining eyes
  45 deep elf magi
  2 manticores
  4 hornets
  23 salamanders
  4 fire giant zombies
  5 stone giant skeletons
  An elephant (shapeshifter) (Vaults:2)
  2 shock serpent zombies
  3 human skeletons
  Maurice (D:11)
  3 titan simulacra (Coc:7)
  3 iron dragon skeletons
  46 black mambas
  An elephant (Slime:1)
  5 eyes of devastation
  5 frost giant skeletons
  17 guardian serpents
  21 vault sentinels
  A black mamba (shapeshifter) (Vaults:4)
  8 dire elephant zombies
  60 smoke demons
  2 torpor snails
  4 centaur zombies
  10 molten gargoyles (Geh:7)
  26 naga magi
  21 orange demons
  An octopode (shapeshifter) (Vaults:3)
  48 rust devils
  9 fire giant skeletons
  2 storm dragon simulacra (Coc:7)
  2 ice statues
  2 gargoyles
  A pale draconian zombie (Crypt:1)
  An emperor scorpion zombie (Crypt:1)
  The ghost of Faustar the Slasher, a novice FoFi (D:4)
  2 shock serpent skeletons (Tar:7)
  17 spiny frogs
  A death yak zombie (Crypt:3)
  6 efreet
  28 hellions
  34 freezing wraiths
  8 dire elephant skeletons
  2 yaktaur zombies
  8 komodo dragons
  A yaktaur (shapeshifter) (Depths:3)
  11 demonic crawlers
  2 kobold demonologists
  29 ice devils
  35 tormentors
  2 catoblepas skeletons
  A fire drake (Lair:8)
  An anaconda simulacrum (Coc:3)
  A mottled draconian skeleton (Crypt:1)
  2 redback zombies
  4 tengu conjurers
  47 guardian mummies
  2 silent spectres
  44 yaktaurs
  14 hydra zombies
  3 harpy zombies
  50 red devils
  24 hellwings (Pan)
  2 jumping spiders
  2 shadow dragon simulacra (Crypt:3)
  A boulder beetle (shapeshifter) (Vaults:2)
  9 giant leeches
  A minotaur zombie (Crypt:2)
  2 tengu simulacra
  8 trolls
  A polar bear (Lair:5)
  A merfolk (shapeshifter) (Vaults:4)
  21 two-headed ogres
  2 two-headed ogres (shapeshifter)
  9 fire dragon zombies
  A griffon zombie (Crypt:3)
  9 boulder beetles
  13 blink frogs
  2 ettin zombies
  An iron dragon simulacrum (Coc:7)
  A guardian serpent zombie (Crypt:3)
  9 alligator zombies
  21 ushabtiu
  155 slime creatures
  9 bog bodies
  3 black mamba zombies
  A slime creature (shapeshifter) (D:15)
  5 ice dragon zombies
  6 hydra skeletons
  A human simulacrum (Vaults:3)
  18 redbacks
  2 centaur simulacra (D:15)
  154 flying skulls
  A tarantella (Vaults:4)
  A shock serpent simulacrum (Coc:7)
  A spriggan (shapeshifter) (Vaults:2)
  32 shadows
  9 air elementals
  10 ettin skeletons
  25 ynoxinuls (Pan)
  16 spriggans
  3 ice dragon skeletons
  74 yaks
  A dire elephant simulacrum (Coc:7)
  4 alligator skeletons
  18 water elementals
  36 wraiths
  5 fire dragon skeletons
  A black mamba skeleton (Tar:5)
  A golden eye (shapeshifter) (Vaults:2)
  4 hungry ghosts
  2 fire bats (Depths:2)
  3 basilisks
  3 wyverns
  13 hippogriffs
  9 golden eyes
  27 fire elementals
  32 vampire mosquitoes
  24 chaos spawn (Pan)
  22 neqoxecs (Pan)
  2 swamp worm simulacra (Swamp:4)
  13 wolves
  9 wargs
  Menkaure (D:4)
  5 mottled dragons
  A spatial vortex (Dis:7)
  A minotaur simulacrum (Tar:5)
  6 soldier ants
  20 swamp worms
  18 insubstantial wisps
  6 human zombies
  11 spiny frog zombies
  2 ogre zombies
  45 nagas
  19 hydra simulacra
  22 porcupines
  17 water moccasins
  96 hell hounds
  52 orc warriors
  A black bear (shapeshifter) (D:15)
  2 deep troll skeletons (Crypt:3)
  24 wasps
  15 ice beasts
  5 spiny frog skeletons
  4 sky beasts
  9 swamp drakes
  3 elf zombies
  22 necrophages
  2 black bears
  An ettin simulacrum (Vaults:3)
  48 ogres
  6 phantoms
  4 snapping turtle zombies
  13 eyes of draining
  An alligator simulacrum (Coc:4)
  16 boggarts
  A swamp dragon zombie (Coc:7)
  21 centaurs
  A swamp dragon skeleton (Tar:6)
  3 snapping turtle skeletons
  16 crocodiles
  A big kobold (D:7)
  25 giant frogs
  A dryad skeleton (Crypt:1)
  A wyvern zombie (D:9)
  4 spiny frog simulacra
  2 glowing shapeshifter simulacra
  A komodo dragon skeleton (Crypt:1)
  A wyvern skeleton (D:14)
  3 scorpions
  12 killer bees
  A spriggan zombie (Dis:3)
  An orc simulacrum (Vaults:1)
  A swamp dragon simulacrum (Coc:7)
  55 wights
  6 electric eels
  23 crimson imps
  A troll skeleton (Geh:7)
  2 giant frog zombies
  A quasit (D:10)
  2 wyvern simulacra
  3 giant frog skeletons
  38 jellies
  25 orc priests
  A wasp zombie (D:10)
  9 hounds
  45 iron imps
  33 orc wizards
  4 centaur skeletons
  12 iguanas
  Ijyb (D:2)
  28 worker ants
  Natasha (thrice) (D:2)
  A boulder beetle simulacrum (Vaults:3)
  7 hell rats (Hell)
  A spriggan simulacrum (Coc:7)
  39 sheep
  A demigod zombie (Crypt:1)
  A dwarf zombie (Crypt:3)
  2 ogre skeletons
  A naga skeleton (Geh:7)
  64 mummies
  A worker ant zombie (D:9)
  12 gnolls
  22 adders
  50 river rats
  22 shadow imps
  14 white imps
  A giant eyeball (Pan)
  3 ufetubi
  An ooze (D:2)
  6 swamp drake simulacra (Swamp:4)
  2 adder zombies
  3 adder skeletons
  2 worms
  5 giant geckos
  106 orcs
  4 giant cockroaches
  13 goblins
  8 hobgoblins
  6 jackals
  4 quokkas
  A ball python (Snake:4)
  13 bats
  6 giant newts
  A giant newt skeleton (Crypt:3)
  A giant newt zombie (Crypt:2)
  A goblin zombie (Crypt:2)
  A hobgoblin zombie (Crypt:2)
  A jackal skeleton (Crypt:1)
  14 kobolds
  3 orc zombies
  A rat (shapeshifter) (Vaults:5)
  15 rats
  A rat skeleton (Crypt:1)
  A fire vortex (Geh:7)
  A plant (Swamp:2)
  3 tentacles (Coc:4)
5300 creatures vanquished.

Vanquished Creatures (collateral kills)
  Asmodeus (Geh:7)
  the Serpent of Hell (Coc:7)
  Dispater (Dis:7)
  An ancient lich (Crypt:3)
  2 greater mummies (Tomb:1)
  2 iron giants (Dis:7)
  A pandemonium lord (Pan)
  A deep elf master archer (Tomb:1)
  2 titans (Tomb:1)
  A deep elf blademaster (Tomb:1)
  An Executioner (Pan)
  2 revenants (Tomb:1)
  An azure jelly (Slime:6)
  A frost giant (Crypt:3)
  3 cacodemons
  A balrug (Pan)
  An iron dragon (Dis:7)
  A war gargoyle (Dis:7)
  2 stone giants (Dis:7)
  2 reapers
  A lorocyproca (Pan)
  A blood saint (Pan)
  A blizzard demon (Pan)
  4 green deaths (Pan)
  An ice dragon (Coc:7)
  2 monstrous demonspawn (Pan)
  A deep elf knight (Crypt:3)
  5 sun demons
  A ghost moth zombie (Dis:7)
  2 torturous demonspawn (Pan)
  A giant orange brain (Pan)
  2 skeletal warriors (Dis:7)
  3 deep elf archers (Tomb:1)
  2 putrid demonspawn (Pan)
  An anubis guard (Tomb:1)
  A wolf spider zombie (Dis:7)
  7 deep elf magi
  4 sixfirhies (Pan)
  2 rust devils
  4 orange demons (Pan)
  A hellion (Dis:7)
  A freezing wraith (Coc:7)
  2 tormentors
  A guardian mummy (Tomb:1)
  3 hydra zombies
  An ice devil (Pan)
  5 hellwings (Pan)
  3 red devils (Pan)
  A harpy zombie (Dis:7)
  A minotaur skeleton (Tar:7)
  2 ice dragon zombies (Coc:7)
  3 slime creatures (Slime:6)
  2 ynoxinuls (Pan)
  3 flying skulls (Geh:7)
  A large abomination (Pan)
  A shadow (Tar:7)
  2 neqoxecs (Pan)
  3 hell hounds (Geh:7)
  3 wights (Dis:2)
  3 iron imps (Dis:2)
  2 mummies (Tomb:1)
  2 shadow imps (Tar:7)
  A white imp (Coc:7)
  A giant eyeball (Pan)
  2 ball lightnings (Pan)
124 creatures vanquished.

Vanquished Creatures (others)
  2 eldritch tentacles
  A deep elf master archer (Tomb:1)
  A draconian annihilator (Pan)
  A draconian caller (Depths:5)
  A stone giant (Vaults:5)
  4 elemental wellsprings
  An ettin (Tomb:2)
  A yaktaur captain (Vaults:5)
  A centaur warrior (D:15)
  An alligator (Tomb:2)
  An iron golem (Dis:7)
  A skeletal warrior (Coc:7)
  7 death scarabs (Tomb:3)
  A golden dragon zombie (Dis:7)
  A giant orange brain (Pan)
  A wizard (Pan)
  A deep elf archer (Tomb:1)
  A deep elf mage (Tomb:1)
  A frost giant zombie (Tomb:2)
  A fire giant skeleton (Vaults:5)
  A stone giant skeleton (Vaults:4)
  A spiny frog (Lair:7)
  A guardian mummy (Tomb:2)
  An ushabti (Crypt:3)
  11 flying skulls (Tomb:2)
  A water elemental (D:14)
  4 humans (Snake:1)
  A fire elemental (Hell)
  A chaos spawn (Pan)
  A wasp (Swamp:2)
  2 ogres (Vaults:2)
  2 jellies (Slime:2)
  3 iron imps (Dis:7)
  4 mummies
  11 ball lightnings (Pan)
  An orc (D:13)
  4 blocks of ice (Pan)
  173 eldritch tentacle segments
  14 fungi
  4 lost souls
  24 plants
  A tentacle (Coc:4)
  53 tentacle segments (Coc:4)
349 creatures vanquished.

Grand Total: 5773 creatures vanquished

Notes
Turn   | Place    | Note
--------------------------------------------------------------
     0 | D:1      | Faustar the Formicid Fighter began the quest for the Orb.
     0 | D:1      | Reached XP level 1. HP: 18/18 MP: 1/1
   162 | D:1      | Reached XP level 2. HP: 14/24 MP: 2/2
   438 | D:1      | Reached XP level 3. HP: 29/29 MP: 3/3
   548 | D:2      | Noticed Natasha
   563 | D:2      | Killed Natasha
   563 | D:2      | Reached skill level 4 in Long Blades
   563 | D:2      | Reached XP level 4. HP: 7/35 MP: 4/4
   987 | D:2      | Reached XP level 5. HP: 35/41 MP: 5/5
  1204 | D:2      | Noticed Ijyb
  1233 | D:2      | Killed Ijyb
  1233 | D:2      | Reached skill level 5 in Long Blades
  1383 | D:2      | Noticed Natasha
  1392 | D:2      | Killed Natasha
  1802 | D:2      | Noticed Natasha
  1806 | D:2      | Killed Natasha
  1806 | D:2      | Reached XP level 6. HP: 47/47 MP: 6/6
  1857 | D:3      | Reached skill level 6 in Long Blades
  3079 | D:4      | Reached XP level 7. HP: 47/55 MP: 7/7
  3361 | D:4      | Found a bloodstained altar of Trog.
  3390 | D:4      | Reached skill level 5 in Fighting
  3663 | D:4      | Noticed Faustar's ghost (novice FoFi)
  3676 | D:4      | Killed Faustar's ghost
  3676 | D:4      | Reached skill level 7 in Fighting
  3676 | D:4      | Reached XP level 8. HP: 34/67 MP: 8/8
  4031 | D:4      | Noticed Menkaure
  4037 | D:4      | Killed Menkaure
  4037 | D:4      | Reached skill level 8 in Fighting
  4324 | D:5      | Entered Level 5 of the Dungeon
  4507 | D:5      | Reached skill level 9 in Fighting
  5285 | D:6      | Reached XP level 9. HP: 73/78 MP: 9/9
  5289 | D:6      | Reached skill level 10 in Fighting
  6119 | D:5      | Reached skill level 11 in Fighting
  6964 | D:7      | Found a shimmering altar of Xom.
  7125 | D:7      | Found a staircase to the Ecumenical Temple.
  7134 | Temple   | Entered the Ecumenical Temple
  7362 | D:7      | Found an iron altar of Okawaru.
  7370 | D:7      | Became a worshipper of Warmaster Okawaru
  7683 | D:8      | Reached XP level 10. HP: 63/86 MP: 10/10
  7842 | D:8      | Found a staircase to the Lair.
  8027 | Lair:1   | Entered Level 1 of the Lair of Beasts
  8047 | Lair:1   | Reached * piety under Okawaru
  8333 | D:8      | Reached skill level 10 in Long Blades
  8997 | Lair:1   | Reached ** piety under Okawaru
  9312 | Lair:1   | Noticed a black mamba
  9321 | Lair:1   | Killed a black mamba
  9664 | Lair:1   | Noticed Harold
  9677 | Lair:1   | Killed Harold
  9927 | Lair:1   | Noticed a spiny frog
  9936 | Lair:1   | Killed a spiny frog
  9936 | Lair:1   | Reached XP level 11. HP: 77/93 MP: 11/11
 10111 | Lair:2   | Reached skill level 5 in Armour
 10120 | Lair:2   | Reached *** piety under Okawaru
 10997 | Lair:2   | Reached **** piety under Okawaru
 11865 | Lair:1   | Reached skill level 5 in Shields
 11943 | Lair:2   | Received a gift from Okawaru
 12195 | Lair:3   | Noticed an eight-headed hydra
 12716 | Lair:3   | Noticed Gastronok
 13114 | Lair:2   | Reached XP level 12. HP: 40/100 MP: 12/12
 13377 | Lair:3   | Killed Gastronok
 13377 | Lair:3   | Reached ***** piety under Okawaru
 13377 | Lair:3   | Reached skill level 10 in Shields
 13677 | Lair:2   | Noticed a six-headed hydra
 13823 | D:8      | Found a glowing golden altar of the Shining One.
 13989 | D:8      | Noticed Herrn's ghost (novice FoFi)
 14010 | D:8      | Killed Herrn's ghost
 14194 | D:8      | Reached skill level 12 in Fighting
 14360 | D:8      | Noticed Erolcha
 14375 | D:8      | Killed Erolcha
 14554 | D:8      | Found a snail-covered altar of Cheibriados.
 14612 | D:8      | Found a sparkling altar of Nemelex Xobeh.
 14628 | D:8      | Found a white marble altar of Elyvilon.
 14738 | D:8      | Found a shimmering altar of Xom.
 14841 | D:8      | Found Ines's Armour Emporium.
 15110 | D:9      | Found a radiant altar of Vehumet.
 15232 | D:9      | Found a blossoming altar of Fedhas.
 15322 | D:9      | Found a sparkling altar of Nemelex Xobeh.
 15322 | D:9      | Found a shattered altar of Ashenzari.
 15517 | D:9      | Found an opulent altar of Gozag.
 15517 | D:9      | Found a deep blue altar of Sif Muna.
 15518 | D:9      | Found a shadowy altar of Dithmenos.
 15852 | D:10     | Entered Level 10 of the Dungeon
 16077 | D:10     | Reached skill level 10 in Armour
 16410 | D:10     | Found a staircase to the Orcish Mines.
 16560 | D:10     | Reached ****** piety under Okawaru
 16901 | D:10     | Received a gift from Okawaru
 17061 | Orc:1    | Entered Level 1 of the Orcish Mines
 17061 | Orc:1    | Noticed an orc high priest
 17168 | D:10     | Gained mutation: You are partially covered in thin metallic scales (AC +2). [potion of beneficial mutation]
 17354 | Orc:1    | Killed an orc high priest
 17354 | Orc:1    | Reached XP level 13. HP: 97/109 MP: 13/13
 17760 | Orc:2    | Entered Level 2 of the Orcish Mines
 17760 | Orc:2    | Found a staircase to the Elven Halls.
 18106 | Orc:2    | Noticed an orc warlord
 18127 | Orc:1    | Killed an orc warlord
 18127 | Orc:1    | Reached skill level 13 in Fighting
 18657 | Orc:2    | Reached skill level 14 in Fighting
 19014 | Orc:1    | Found Teaclur's Assorted Antiques.
 19203 | Orc:2    | Received a gift from Okawaru
 19864 | Orc:2    | Found Maiv's General Store.
 19912 | Orc:2    | Found Vegey's Book Boutique.
 20330 | Orc:2    | Found Senla's Antique Weapon Shop.
 20347 | Orc:2    | Reached skill level 15 in Fighting
 20641 | Orc:2    | Found Zuziudyd's Antique Armour Shoppe.
 20649 | Orc:2    | Bought a pitted cloak for 294 gold pieces
 20654 | Orc:2    | Identified the +2 cloak of Limal {rN++ Str+3 Slay-5} (You bought it in a shop on level 2 of the Orcish Mines)
 20985 | Orc:1    | Noticed a stone giant
 21003 | Orc:1    | Killed a stone giant
 21179 | D:11     | Noticed Maurice
 21186 | D:11     | Killed Maurice
 21297 | D:11     | Reached XP level 14. HP: 117/123 MP: 14/14
 22496 | D:12     | Received a gift from Okawaru
 22916 | D:13     | Noticed Josephine
 22929 | D:13     | Killed Josephine
 22953 | D:13     | Found a gate to the Vaults.
 23597 | D:13     | Found a portal to a secret trove of treasure.
 24862 | D:13     | Received a gift from Okawaru
 24871 | D:14     | Identified a scroll of acquirement
 24939 | D:14     | Reached skill level 15 in Shields
 24969 | D:14     | Found an opulent altar of Gozag.
 25052 | D:14     | Noticed Azrael
 25107 | D:14     | Killed Azrael
 25257 | D:14     | Found a labyrinth entrance.
 26243 | D:15     | Entered Level 15 of the Dungeon
 26275 | D:15     | Reached XP level 15. HP: 113/129 MP: 15/15
 26376 | D:15     | Got a blackened chain mail
 26377 | D:15     | Identified the +5 chain mail of Satept {MR++ Stlth+} (You found it on level 15 of the Dungeon)
 26415 | D:15     | Received a gift from Okawaru
 28033 | Lair:1   | Reached skill level 5 in Invocations
 29405 | Lair:5   | Found a staircase to the Swamp.
 29446 | Lair:5   | Reached skill level 10 in Invocations
 30232 | Lair:6   | Found a staircase to the Snake Pit.
 30434 | Lair:6   | Received a gift from Okawaru
 31043 | Lair:6   | Reached XP level 16. HP: 88/136 MP: 23/23
 31658 | Lair:7   | Found a staircase to the Slime Pits.
 32063 | Lair:8   | Entered Level 8 of the Lair of Beasts
 32735 | Lair:8   | Received a gift from Okawaru
 33460 | Lair:8   | Reached skill level 15 in Armour
 33980 | D:8      | Bought the +15 Maxwell's patent armour {-Cast -Tele rElec MR+ rCorr} for 1611 gold pieces
 34313 | Swamp:1  | Entered Level 1 of the Swamp
 35747 | Swamp:1  | Reached XP level 17. HP: 142/142 MP: 24/24
 35750 | Swamp:1  | Found a bloodstained altar of Trog.
 36050 | Swamp:1  | Received a gift from Okawaru
 36066 | Swamp:1  | Got a spiked cloak {god gift}
 36072 | Swamp:1  | Identified the +1 cloak of the End {rPois rF+ Dex+2} (Okawaru gifted it to you on level 1 of the Swamp)
 36283 | Swamp:1  | Reached skill level 15 in Long Blades
 36531 | Swamp:2  | Noticed ZeroCool's ghost (journeyman SpEn)
 36563 | Swamp:2  | Killed ZeroCool's ghost
 37648 | Swamp:3  | Noticed a thorn hunter
 37656 | Swamp:3  | Killed a thorn hunter
 37773 | Swamp:3  | Reached skill level 16 in Long Blades
 38171 | Swamp:3  | Noticed a thorn hunter
 38175 | Swamp:3  | Killed a thorn hunter
 38793 | Swamp:4  | Entered Level 4 of the Swamp
 39494 | Swamp:4  | Reached skill level 17 in Long Blades
 40085 | Swamp:4  | Got a decaying rune of Zot
 40227 | Swamp:4  | Received a gift from Okawaru
 40397 | Snake:1  | Entered Level 1 of the Snake Pit
 40433 | Snake:1  | Reached XP level 18. HP: 149/149 MP: 19/25
 40866 | Snake:1  | Reached skill level 18 in Long Blades
 41343 | Snake:1  | Noticed Kirke
 41365 | Snake:1  | Killed Kirke
 41402 | Snake:1  | Noticed Aizul
 41412 | Snake:1  | Killed Aizul
 43735 | Snake:4  | Entered Level 4 of the Snake Pit
 43766 | Snake:4  | Reached XP level 19. HP: 128/155 MP: 22/26
 45280 | Snake:4  | Found Siti's Antique Armour Shoppe.
 45285 | Snake:4  | Bought a pair of embroidered boots for 130 gold pieces
 45439 | Snake:4  | Received a gift from Okawaru
 45440 | Snake:4  | Got a warped demon blade {god gift}
 45450 | Snake:4  | Identified the +10 demon blade "Maet" {flame, +Inv} (Okawaru gifted it to you on level 4 of the Snake Pit)
 46151 | Snake:4  | Received a gift from Okawaru
 46337 | Snake:4  | Reached XP level 20. HP: 156/170 MP: 27/27
 46852 | Snake:4  | Got a serpentine rune of Zot
 47318 | Lair:1   | Gained mutation: You are partially covered in rugged brown scales (AC +1, +3% HP). [potion of mutation]
 47318 | Lair:1   | Gained mutation: Your muscles are strong. (Str +2) [potion of mutation]
 47318 | Lair:1   | Gained mutation: Scrolls take you a little longer to read. [potion of mutation]
 47469 | Vaults:1 | Entered Level 1 of the Vaults
 47635 | Vaults:1 | Reached skill level 19 in Fighting
 47665 | Vaults:1 | Got a transparent steel ring
 47667 | Vaults:1 | Identified the ring of Beig {SustAt Str+3} (You acquired it on level 1 of the Vaults)
 48388 | Vaults:1 | Received a gift from Okawaru
 48644 | Vaults:1 | Reached skill level 20 in Fighting
 49418 | Vaults:2 | Reached XP level 21. HP: 185/189 MP: 28/28
 49451 | Vaults:2 | Received a gift from Okawaru
 49797 | Vaults:2 | Reached skill level 21 in Fighting
 51343 | Vaults:3 | Noticed Xtahua
 51401 | Vaults:3 | Received a gift from Okawaru
 52541 | Vaults:3 | Received a gift from Okawaru
 52577 | Vaults:3 | Killed Xtahua
 52588 | Vaults:3 | Reached XP level 22. HP: 199/199 MP: 23/29
 53261 | Vaults:3 | Found a staircase to the Crypt.
 53261 | Vaults:3 | Found an ancient bone altar of Kikubaaqudgha.
 53262 | Vaults:3 | Found a basalt altar of Yredelemnul.
 53686 | Vaults:4 | Received a gift from Okawaru
 53726 | Vaults:4 | Got a fine cloak {god gift}
 53737 | Vaults:4 | Identified the +0 cloak of Courage {+Blink Str+4} (Okawaru gifted it to you on level 4 of the Vaults)
 54563 | Vaults:4 | Found Opuirr's Magic Scroll Boutique.
 54584 | Vaults:4 | Bought a scroll of identify for 26 gold pieces
 54584 | Vaults:4 | Bought a scroll of identify for 26 gold pieces
 54584 | Vaults:4 | Bought a scroll of magic mapping for 45 gold pieces
 54584 | Vaults:4 | Bought a scroll of acquirement for 676 gold pieces
 54587 | Vaults:4 | Got a smoking bronze ring
 54590 | Vaults:4 | Identified the ring of Zylo {rElec rF++ Str+5 Int+3} (You acquired it on level 4 of the Vaults)
 54595 | Vaults:4 | Bought 2 scrolls of fear for 91 gold pieces
 54750 | Vaults:4 | Reached skill level 22 in Long Blades
 54991 | Vaults:4 | Received a gift from Okawaru
 55316 | Vaults:4 | Reached XP level 23. HP: 115/206 MP: 25/30
 56467 | Slime:1  | Entered Level 1 of the Pits of Slime
 56473 | Slime:1  | Reached skill level 23 in Long Blades
 56807 | Slime:1  | Gained mutation: Scrolls take you longer to read. [a shining eye]
 57275 | Slime:2  | Received a gift from Okawaru
 58588 | Slime:4  | Reached skill level 24 in Long Blades
 58783 | Slime:4  | Gained mutation: Your magical capacity is low (-10% MP). [a shining eye]
 59369 | Slime:5  | Gained mutation: You are frail (-10% HP). [a shining eye]
 59400 | Slime:5  | Gained mutation: Scrolls take you much longer to read. [a shining eye]
 59403 | Slime:5  | Gained mutation: You expend magic power (3 MP) to strengthen your wands. [a shining eye]
 59404 | Slime:5  | Gained mutation: Your natural rate of healing is unusually fast. [a shining eye]
 59406 | Slime:5  | Gained mutation: Your body sometimes deteriorates upon taking damage. [a shining eye]
 59485 | Slime:5  | Received a gift from Okawaru
 59693 | Slime:6  | Entered Level 6 of the Pits of Slime
 59822 | Slime:6  | Gained mutation: Your spells are a little easier to cast, but a little less powerful. [a shining eye]
 59825 | Slime:6  | Gained mutation: Armour fits poorly on your strangely shaped body. [a shining eye]
 59826 | Slime:6  | Reached XP level 24. HP: 193/193 MP: 27/27
 59865 | Slime:6  | Noticed the Royal Jelly
 59908 | Slime:5  | Lost mutation: Your body sometimes deteriorates upon taking damage. [potion of cure mutation]
 59908 | Slime:5  | Lost mutation: Armour fits poorly on your strangely shaped body. [potion of cure mutation]
 59908 | Slime:5  | Lost mutation: Your muscles are strong. (Str +2) [potion of cure mutation]
 59908 | Slime:5  | Lost mutation: Scrolls take you much longer to read. [potion of cure mutation]
 59908 | Slime:5  | Lost mutation: You are frail (-10% HP). [potion of cure mutation]
 59909 | Slime:5  | Lost mutation: You expend magic power (3 MP) to strengthen your wands. [potion of cure mutation]
 59909 | Slime:5  | Lost mutation: Your magical capacity is low (-10% MP). [potion of cure mutation]
 59909 | Slime:5  | Lost mutation: You are partially covered in thin metallic scales (AC +2). [potion of cure mutation]
 59909 | Slime:5  | Lost mutation: Your spells are a little easier to cast, but a little less powerful. [potion of cure mutation]
 59909 | Slime:5  | Lost mutation: Scrolls take you longer to read. [potion of cure mutation]
 60748 | Vaults:5 | Entered Level 5 of the Vaults
 60980 | Vaults:5 | Noticed an ancient lich
 61440 | Vaults:5 | Killed an ancient lich
 61651 | Vaults:4 | Bought a scroll of summoning for 123 gold pieces
 61651 | Vaults:4 | Bought a scroll of enchant armour for 97 gold pieces
 61651 | Vaults:4 | Bought a scroll of fog for 26 gold pieces
 61752 | Vaults:5 | Received a gift from Okawaru
 61766 | Vaults:5 | Identified a +2 pair of boots of running (Okawaru gifted it to you on level 5 of the Vaults)
 62088 | Vaults:5 | Reached XP level 25. HP: 216/220 MP: 30/30
 62448 | Vaults:5 | Got a sparkling lapis lazuli ring
 62480 | Vaults:5 | Identified the ring of Vud Uth {rPois MR+} (You found it on level 5 of the Vaults)
 63025 | Vaults:5 | Got a silver rune of Zot
 63333 | D:8      | Fell from the grace of Okawaru
 63333 | D:8      | Became a worshipper of the Shining One
 63652 | Crypt:1  | Entered Level 1 of the Crypt
 63910 | Crypt:1  | Reached * piety under the Shining One
 64058 | Crypt:1  | Reached ** piety under the Shining One
 64305 | Crypt:1  | Reached *** piety under the Shining One
 64471 | Crypt:1  | Reached **** piety under the Shining One
 64697 | Crypt:2  | Reached ***** piety under the Shining One
 65322 | Crypt:3  | Entered Level 3 of the Crypt
 65458 | Crypt:3  | Reached ****** piety under the Shining One
 65613 | Crypt:3  | Identified a +9 triple sword of holy wrath (a +9 triple sword of flaming blessed by the Shining One)
 65613 | Crypt:3  | Received a gift from the Shining One
 65710 | Crypt:3  | Reached XP level 26. HP: 230/230 MP: 30/30
 65780 | Crypt:3  | Found a staircase to the Tomb.
 65950 | Crypt:3  | Noticed an ancient lich
 65957 | Crypt:3  | Killed an ancient lich
 66160 | Crypt:3  | Found an ancient bone altar of Kikubaaqudgha.
 66163 | Crypt:3  | Found a basalt altar of Yredelemnul.
 66526 | Tomb:1   | Entered Level 1 of the Tomb of the Ancients
 67079 | Tomb:1   | Noticed Jorgrun
 67089 | Tomb:1   | Killed Jorgrun
 67517 | Tomb:1   | Noticed a greater mummy
 67564 | Tomb:1   | Killed a greater mummy
 67569 | Tomb:1   | Reached skill level 15 in Invocations
 67575 | Tomb:1   | Was forgiven by Okawaru
 67949 | Tomb:1   | Got a pair of steaming gloves
 67952 | Tomb:1   | Identified the cursed +0 pair of gloves of Impressiveness {-Cast Str+3 SInv} (You found it on level 1 of the Tomb of the Ancients)
 68171 | Tomb:2   | Noticed Frederick
 68171 | Tomb:2   | Noticed Khufu
 68171 | Tomb:2   | Noticed a greater mummy
 68173 | Tomb:2   | Noticed a greater mummy
 68173 | Tomb:2   | Noticed a greater mummy
 68173 | Tomb:2   | Noticed an ancient lich
 68173 | Tomb:2   | Noticed a greater mummy
 68177 | Tomb:1   | Killed Frederick
 69069 | Tomb:1   | Killed a greater mummy
 69228 | Tomb:1   | Killed an ancient lich
 69233 | Tomb:1   | Killed a greater mummy
 69234 | Tomb:1   | Killed Khufu
 69501 | Tomb:1   | Killed a greater mummy
 69799 | Tomb:1   | Reached XP level 27. HP: 235/235 MP: 34/34
 69807 | Tomb:1   | Killed a greater mummy
 70384 | Tomb:1   | Noticed a greater mummy
 70385 | Tomb:1   | Noticed a greater mummy
 70385 | Tomb:1   | Noticed a greater mummy
 70386 | Tomb:1   | Noticed a greater mummy
 70388 | Tomb:1   | Noticed a greater mummy
 70389 | Tomb:1   | Noticed a greater mummy
 70390 | Tomb:1   | Noticed a greater mummy
 70394 | Tomb:1   | Noticed a greater mummy
 70863 | Tomb:2   | Killed a greater mummy
 71027 | Tomb:1   | Noticed a greater mummy
 71032 | Tomb:2   | Killed a greater mummy
 71163 | Tomb:2   | Killed a greater mummy
 71402 | Tomb:2   | Killed a greater mummy
 71409 | Tomb:2   | Killed a greater mummy
 71680 | Tomb:2   | Killed a greater mummy
 71890 | Tomb:2   | Killed a greater mummy
 71899 | Tomb:2   | Killed a greater mummy
 71907 | Tomb:1   | Killed a greater mummy
 72131 | Tomb:1   | Noticed a greater mummy
 72141 | Tomb:1   | Noticed a greater mummy
 72145 | Tomb:1   | Killed a greater mummy
 72149 | Tomb:1   | Noticed a greater mummy
 72154 | Tomb:1   | Noticed a greater mummy
 72191 | Tomb:1   | Killed a greater mummy
 72198 | Tomb:1   | Killed a greater mummy
 72632 | Tomb:1   | Killed a greater mummy
 72632 | Tomb:1   | Reached skill level 25 in Fighting
 72700 | Tomb:1   | Noticed a greater mummy
 72714 | Tomb:1   | Killed a greater mummy
 72791 | Tomb:1   | Noticed a greater mummy
 72803 | Tomb:1   | Killed a greater mummy
 72964 | Tomb:1   | Noticed a greater mummy
 72967 | Tomb:1   | Noticed a greater mummy
 73094 | Tomb:1   | Killed a greater mummy
 73157 | Tomb:1   | Killed a greater mummy
 73203 | Tomb:1   | Noticed a greater mummy
 73213 | Tomb:1   | Killed a greater mummy
 73347 | Tomb:1   | Noticed a greater mummy
 73347 | Tomb:1   | Noticed a greater mummy
 73347 | Tomb:1   | Noticed a greater mummy
 73351 | Tomb:1   | Noticed a greater mummy
 73353 | Tomb:1   | Killed a greater mummy
 73459 | Tomb:1   | Killed a greater mummy
 73463 | Tomb:1   | Killed a greater mummy
 73500 | Tomb:1   | Killed a greater mummy
 74360 | Tomb:3   | Entered Level 3 of the Tomb of the Ancients
 74468 | Tomb:3   | Noticed a greater mummy
 74471 | Tomb:3   | Noticed a greater mummy
 74559 | Tomb:2   | Killed a greater mummy
 74758 | Tomb:3   | Noticed a greater mummy
 74759 | Tomb:3   | Noticed a greater mummy
 74764 | Tomb:2   | Killed a greater mummy
 74923 | Tomb:3   | Noticed a greater mummy
 74923 | Tomb:3   | Noticed an ancient lich
 75005 | Tomb:3   | Noticed a greater mummy
 75010 | Tomb:2   | Killed a greater mummy
 75216 | Tomb:2   | Killed an ancient lich
 75218 | Tomb:2   | Killed a greater mummy
 75621 | Tomb:2   | Killed a greater mummy
 75972 | Tomb:2   | Killed a greater mummy
 76155 | Tomb:3   | Noticed Mennas
 76271 | Tomb:2   | Killed Mennas
 76366 | Tomb:3   | Noticed a greater mummy
 76796 | Tomb:2   | Killed a greater mummy
 76920 | Tomb:3   | Identified the Catalogue of Supportive Transmutation
 76979 | Tomb:3   | Noticed a greater mummy
 76993 | Tomb:3   | Killed a greater mummy
 77277 | Tomb:3   | Got a golden rune of Zot
 77547 | Tomb:3   | Got a steaming bone amulet
 77552 | Tomb:3   | Identified the Tome of Lethal Augmentations
 77555 | Tomb:3   | Identified the amulet of Ceotij {Gourm Str+2} (You found it on level 3 of the Tomb of the Ancients)
 77574 | Tomb:3   | Got a faintly humming plate armour
 77577 | Tomb:3   | Identified the +12 plate armour of Mirth {rF++ SInv} (You found it on level 3 of the Tomb of the Ancients)
 77594 | Tomb:3   | Got a translucent executioner's axe
 77597 | Tomb:3   | Identified the +1 executioner's axe of Vigy {holy, rN+ MP+9} (You found it on level 3 of the Tomb of the Ancients)
 79114 | D:15     | Found a staircase to the Depths.
 79329 | Depths:1 | Entered Level 1 of the Depths
 79497 | Depths:1 | Noticed Gottschkopf's ghost (adept MiFi)
 79505 | Depths:1 | Killed Gottschkopf's ghost
 79724 | Depths:1 | Noticed Asterion
 79735 | Depths:1 | Killed Asterion
 79971 | Depths:1 | Found a gateway to Hell.
 79977 | Hell     | Entered the Vestibule of Hell
 79977 | Hell     | Noticed Geryon
 80297 | Hell     | Killed Geryon
 80335 | Hell     | Found a gateway to the ashen valley of Gehenna.
 80495 | Hell     | Found a gateway to the freezing wastes of Cocytus.
 80678 | Hell     | Found a gateway to the Iron City of Dis.
 80725 | Hell     | Found a gateway to the decaying netherworld of Tartarus.
 80891 | Geh:1    | Entered Level 1 of Gehenna
 80891 | Geh:1    | Found a gateway to Hell.
 81170 | Geh:2    | Found a gateway to Hell.
 81417 | Geh:2    | Found a gateway to Hell.
 81558 | Geh:2    | Reached skill level 26 in Fighting
 81719 | Geh:2    | Found a gateway to Hell.
 81775 | Geh:3    | Found a gateway to Hell.
 81775 | Geh:3    | Found a gateway to Hell.
 81865 | Geh:4    | Found a gateway to Hell.
 82152 | Geh:5    | Found a gateway to Hell.
 82232 | Geh:5    | Reached skill level 27 in Fighting
 82409 | Geh:6    | Found a gateway to Hell.
 82452 | Geh:6    | Found a gateway to Hell.
 82771 | Geh:6    | Found a gateway to Hell.
 82795 | Geh:7    | Entered Level 7 of Gehenna
 82795 | Geh:7    | Found a gateway to Hell.
 83133 | Geh:7    | Found a gateway to Hell.
 83156 | Geh:7    | Found a gateway to Hell.
 84125 | Geh:7    | Got a scorched cloak
 84134 | Geh:7    | Identified the cursed +0 cloak "Bexuuvec" {rF+ MR+ Dex-3} (You found it on level 7 of Gehenna)
 84184 | Geh:7    | Noticed Asmodeus
 84203 | Geh:7    | Killed Asmodeus
 84332 | Geh:7    | Got a glittering silver amulet
 84350 | Geh:7    | Identified the amulet "Xijutito" {Spirit -Tele rF+ Dex+8} (You found it on level 7 of Gehenna)
 84403 | Geh:7    | Identified a +1 pair of boots of running (You found it on level 7 of Gehenna)
 84406 | Geh:7    | Identified the Catalogue of Creation (You found it on level 7 of Gehenna)
 84425 | Geh:7    | Got a translucent shield
 84428 | Geh:7    | Identified the +0 shield of the Crypt {Dex+4} (You found it on level 7 of Gehenna)
 84454 | Geh:7    | Identified the Volume of Confrontation
 84475 | Geh:7    | Got an obsidian rune of Zot
 84666 | Hell     | Got an ancient tin amulet
 84671 | Hell     | Identified the amulet of the Cuttlefish {Spirit Dex+3 Stlth+} (You acquired it in the Vestibule of Hell)
 84674 | Hell     | Gained mutation: You are partially covered in yellow scales (AC +2). [potion of beneficial mutation]
 84675 | Hell     | Gained mutation: You heal very quickly. [potion of beneficial mutation]
 84697 | Dis:1    | Entered Level 1 of the Iron City of Dis
 84697 | Dis:1    | Found a gateway to Hell.
 84902 | Dis:2    | Found a gateway to Hell.
 85001 | Dis:2    | Found a gateway to Hell.
 85048 | Dis:2    | Found a gateway to Hell.
 85109 | Dis:2    | Found a gateway to Hell.
 85145 | Dis:2    | Found a gateway to Hell.
 85707 | Dis:2    | Noticed an iron giant
 85727 | Dis:2    | Killed an iron giant
 85727 | Dis:2    | Reached skill level 27 in Armour
 86175 | Dis:3    | Found a gateway to Hell.
 86218 | Dis:4    | Found a gateway to Hell.
 86235 | Dis:4    | Found a gateway to Hell.
 86331 | Dis:5    | Found a gateway to Hell.
 86399 | Dis:6    | Found a gateway to Hell.
 86664 | Dis:7    | Entered Level 7 of the Iron City of Dis
 86664 | Dis:7    | Found a gateway to Hell.
 86739 | Dis:7    | Found a gateway to Hell.
 86813 | Dis:7    | Found a gateway to Hell.
 86875 | Dis:7    | Noticed an iron giant
 86899 | Dis:7    | Killed an iron giant
 87012 | Dis:7    | Noticed an iron giant
 87014 | Dis:7    | Noticed an iron giant
 87045 | Dis:7    | Killed an iron giant
 87045 | Dis:7    | Killed an iron giant
 87547 | Dis:7    | Noticed an iron giant
 87555 | Dis:7    | Killed an iron giant
 87587 | Dis:7    | Noticed an iron giant
 87605 | Dis:7    | Killed an iron giant
 88018 | Dis:7    | Noticed an iron giant
 88038 | Dis:7    | Reached skill level 27 in Long Blades
 88039 | Dis:7    | Killed an iron giant
 88066 | Dis:7    | Noticed an iron giant
 88080 | Dis:7    | Killed an iron giant
 88161 | Dis:7    | Got a glittering graven amulet
 88181 | Dis:7    | Identified the amulet of Internal Strife {Faith rElec rN+ Int+3} (You found it on level 7 of the Iron City of Dis)
 88285 | Dis:7    | Gained mutation: You expend magic power (3 MP) to strengthen your wands. [a cacodemon]
 88376 | Dis:7    | Noticed Dispater
 88393 | Dis:7    | Killed Dispater
 88406 | Dis:7    | Got an iron rune of Zot
 88547 | Dis:7    | Noticed an iron giant
 88559 | Dis:7    | Killed an iron giant
 88674 | Coc:1    | Entered Level 1 of Cocytus
 88674 | Coc:1    | Found a gateway to Hell.
 89890 | Coc:1    | Reached skill level 1 in Dodging
 90025 | Coc:2    | Found a gateway to Hell.
 90051 | Coc:2    | Noticed a shard shrike
 90059 | Coc:2    | Killed a shard shrike
 90150 | Coc:3    | Found a gateway to Hell.
 90195 | Coc:3    | Found a gateway to Hell.
 90236 | Coc:3    | Found a gateway to Hell.
 90248 | Coc:3    | Reached skill level 5 in Dodging
 90491 | Coc:3    | Noticed a shard shrike
 90496 | Coc:3    | Killed a shard shrike
 90507 | Coc:4    | Found a gateway to Hell.
 90569 | Coc:4    | Found a gateway to Hell.
 90699 | Coc:4    | Noticed a shard shrike
 90717 | Coc:4    | Killed a shard shrike
 90876 | Coc:5    | Found a gateway to Hell.
 90907 | Coc:5    | Found a gateway to Hell.
 90953 | Coc:5    | Found a gateway to Hell.
 90973 | Coc:5    | Noticed a shard shrike
 90974 | Coc:5    | Noticed a shard shrike
 90974 | Coc:5    | Noticed a shard shrike
 90980 | Coc:5    | Killed a shard shrike
 90981 | Coc:5    | Killed a shard shrike
 90986 | Coc:5    | Killed a shard shrike
 91013 | Coc:5    | Reached skill level 10 in Dodging
 91061 | Coc:6    | Found a gateway to Hell.
 91157 | Coc:7    | Entered Level 7 of Cocytus
 91157 | Coc:7    | Found a gateway to Hell.
 91157 | Coc:7    | Found a gateway to Hell.
 91157 | Coc:7    | Found a gateway to Hell.
 91582 | Coc:7    | Noticed the Serpent of Hell
 91594 | Coc:7    | Killed the Serpent of Hell
 91811 | Coc:7    | Noticed a shard shrike
 91833 | Coc:7    | Killed a shard shrike
 91966 | Coc:7    | Noticed Antaeus
 92000 | Coc:7    | Killed Antaeus
 92088 | Coc:7    | Got an icy rune of Zot
 92314 | Tar:1    | Entered Level 1 of Tartarus
 92314 | Tar:1    | Found a gateway to Hell.
 92424 | Tar:2    | Found a gateway to Hell.
 92497 | Tar:3    | Found a gateway to Hell.
 92514 | Tar:3    | Reached skill level 15 in Dodging
 93255 | Tar:4    | Found a gateway to Hell.
 93265 | Tar:5    | Found a gateway to Hell.
 93311 | Tar:6    | Found a gateway to Hell.
 93399 | Tar:6    | Found a gateway to Hell.
 93526 | Tar:6    | Reached skill level 27 in Shields
 93540 | Tar:7    | Entered Level 7 of Tartarus
 93540 | Tar:7    | Found a gateway to Hell.
 93764 | Tar:7    | Noticed an ancient lich
 93777 | Tar:7    | Killed an ancient lich
 93862 | Tar:7    | Found a gateway to Hell.
 94072 | Tar:7    | Found a gateway to Hell.
 94406 | Tar:7    | Noticed an ancient lich
 94410 | Tar:7    | Killed an ancient lich
 94441 | Tar:7    | Noticed Ereshkigal
 94453 | Tar:7    | Killed Ereshkigal
 94479 | Tar:7    | Got a bone rune of Zot
 95707 | Slime:6  | Found a viscous altar of Jiyva.
 96018 | Slime:5  | Lost mutation: Scrolls take you a little longer to read. [a shining eye]
 96026 | Slime:5  | Gained mutation: Your spells are a little easier to cast, but a little less powerful. [a shining eye]
 96843 | Slime:6  | Killed the Royal Jelly
 97330 | Slime:6  | Got a slimy rune of Zot
 97419 | Slime:6  | Got a dazzling plate armour
 97430 | Slime:6  | Identified the +12 plate armour of Inevitability {Str+6 Int+3} (You found it on level 6 of the Pits of Slime)
 98202 | Depths:2 | Found a shattered altar of Ashenzari.
 99431 | Depths:3 | Noticed an iron giant
 99432 | Depths:3 | Noticed an iron giant
 99457 | Depths:3 | HP: 9/256 [iron giant's throw (71)]
 99743 | Depths:3 | Found a one-way gate leading to the halls of Pandemonium.
 99799 | Depths:3 | Killed an iron giant
100032 | Depths:3 | Killed an iron giant
100953 | Depths:4 | Noticed Boris
100960 | Depths:4 | Killed Boris
101142 | Depths:4 | Found a runed door.
101164 | Depths:4 | Noticed Mara
101175 | Depths:4 | Noticed Faustar's illusion
101210 | Depths:4 | Noticed Faustar's illusion
101266 | Depths:4 | Killed Mara
101775 | Depths:4 | Found a gateway to a ziggurat.
101809 | Depths:4 | Found Arolur's Armour Boutique.
102450 | Depths:4 | Found a one-way gate to the infinite horrors of the Abyss.
102540 | Depths:4 | Identified the Catalogue of Excruciating Poisoning
102729 | Depths:5 | Entered Level 5 of the Depths
102729 | Depths:5 | Found Miuxar's Armour Boutique.
103160 | Depths:5 | Found a gate to the Realm of Zot.
103400 | Depths:5 | Found Munt's Armour Shoppe.
103402 | Depths:5 | Found Efag Iramo's Armour Emporium.
103490 | Depths:5 | Found Ilyeteam's Antique Weapon Shoppe.
103873 | Depths:5 | Found Qedau's Magic Scroll Boutique.
103886 | Depths:5 | Bought a scroll of identify for 28 gold pieces
103886 | Depths:5 | Bought a scroll of identify for 28 gold pieces
103886 | Depths:5 | Bought a scroll of identify for 28 gold pieces
103886 | Depths:5 | Bought a scroll of identify for 28 gold pieces
104111 | Pan      | Entered Pandemonium
104225 | Pan      | Found an exit through the horrors of the Abyss.
104244 | Pan      | Noticed Paokam the pandemonium lord
104252 | Pan      | Killed Paokam the pandemonium lord
104338 | Pan      | Noticed a seraph
104342 | Pan      | Found a glowing golden altar of the Shining One.
104357 | Pan      | Killed a seraph
104390 | Pan      | Identified Caiw's Reference Book on Transformation and Toxins
104395 | Pan      | Got a demonic rune of Zot
104400 | Pan      | Identified the Disquisition on Dislocation and the Rocks
104403 | Pan      | Got a vibrating amber ring
104404 | Pan      | Identified the ring "Siduagg" {rPois rC+ rN+++ Int-3} (You found it in Pandemonium)
105826 | Pan      | Found an exit through the horrors of the Abyss.
106006 | Pan      | Noticed Neit the pandemonium lord
106265 | Pan      | Found an exit through the horrors of the Abyss.
107120 | Pan      | Noticed Kofyj the pandemonium lord
107129 | Pan      | Killed Kofyj the pandemonium lord
107142 | Pan      | Found an exit through the horrors of the Abyss.
107245 | Pan      | Found a runed door.
107373 | Pan      | Noticed Fuosaschyq the pandemonium lord
107376 | Pan      | Killed Fuosaschyq the pandemonium lord
107404 | Pan      | Noticed Qumengen the pandemonium lord
107425 | Pan      | Killed Qumengen the pandemonium lord
107589 | Pan      | Noticed Ruen the pandemonium lord
107595 | Pan      | Killed Ruen the pandemonium lord
107637 | Pan      | Found an exit through the horrors of the Abyss.
108023 | Pan      | Noticed Hetyfume the pandemonium lord
108036 | Pan      | Killed Hetyfume the pandemonium lord
108191 | Pan      | Found an exit through the horrors of the Abyss.
108322 | Pan      | Gained mutation: Scrolls take you a little longer to read. [a neqoxec]
108323 | Pan      | Reached skill level 27 in Dodging
108479 | Pan      | Found a huge runed gate.
108554 | Pan      | Found an exit through the horrors of the Abyss.
108805 | Pan      | Entered the realm of Cerebov.
109242 | Pan      | Noticed Cerebov
109261 | Pan      | Killed Cerebov
109459 | Pan      | Identified the Almanac of Earthen Ice
109530 | Pan      | Got a pair of scorched boots
109535 | Pan      | Identified the +2 pair of boots of the Tundras {rPois Str+3 Stlth+} (You found it in Pandemonium)
109553 | Pan      | Got a pitted glass ring
109555 | Pan      | Got a translucent granite ring
109557 | Pan      | Got a slimy zirconium amulet
109576 | Pan      | Identified the amulet "Soculol" {+Rage rPois rC+ MP+9 Int+4} (You found it in Pandemonium)
109578 | Pan      | Identified the ring "Xexatu" {rC+ Str-5 Dex+4 SInv Stlth+} (You found it in Pandemonium)
109580 | Pan      | Identified the ring "Zasit" {+Fly Int+2 Dex+4} (You found it in Pandemonium)
109754 | Pan      | Got a fiery rune of Zot
109867 | Pan      | Entered the realm of Lom Lobon.
110090 | Pan      | Noticed Lom Lobon
110099 | Pan      | Killed Lom Lobon
110110 | Pan      | Got a magical rune of Zot
110347 | Pan      | Gained mutation: You are frail (-10% HP). [a neqoxec]
110669 | Pan      | Noticed Cogron the pandemonium lord
110689 | Pan      | Killed Cogron the pandemonium lord
110897 | Pan      | Entered the realm of Mnoleg.
110913 | Pan      | Gained mutation: Your magical capacity is low (-10% MP). [a neqoxec]
110922 | Pan      | Noticed Mnoleg
110951 | Pan      | Killed Mnoleg
110958 | Pan      | Gained mutation: Your flesh is heat resistant. [a neqoxec]
111105 | Pan      | Gained mutation: Armour fits poorly on your strangely shaped body. [a neqoxec]
111106 | Pan      | Gained mutation: Your body sometimes deteriorates upon taking damage. [a neqoxec]
111111 | Pan      | Lost mutation: You expend magic power (3 MP) to strengthen your wands. [potion of cure mutation]
111111 | Pan      | Lost mutation: Your body sometimes deteriorates upon taking damage. [potion of cure mutation]
111111 | Pan      | Lost mutation: Scrolls take you a little longer to read. [potion of cure mutation]
111111 | Pan      | Lost mutation: Armour fits poorly on your strangely shaped body. [potion of cure mutation]
111112 | Pan      | Lost mutation: Your magical capacity is low (-10% MP). [potion of cure mutation]
111112 | Pan      | Lost mutation: You are frail (-10% HP). [potion of cure mutation]
111112 | Pan      | Lost mutation: You are partially covered in yellow scales (AC +2). [potion of cure mutation]
111112 | Pan      | Lost mutation: Your spells are a little easier to cast, but a little less powerful. [potion of cure mutation]
111145 | Pan      | Got a glowing rune of Zot
111360 | Pan      | Got a pair of ichor-stained boots
111361 | Pan      | Identified the +0 pair of boots "Qolufaem" {Regen+ MP+9} (You found it in Pandemonium)
111427 | Pan      | Noticed Xuwaes the pandemonium lord
111446 | Pan      | Killed Xuwaes the pandemonium lord
111729 | Pan      | Got a colourful robe
111730 | Pan      | Identified the +0 robe "Adoiwe" {rC+ Str-4 Int+2} (You found it in Pandemonium)
112231 | Pan      | Noticed Lienycva the pandemonium lord
112241 | Pan      | Killed Lienycva the pandemonium lord
112393 | Pan      | Found an exit through the horrors of the Abyss.
112465 | Pan      | Got a scorched cloak
112466 | Pan      | Identified the +1 cloak "Hyasuaru" {Int+3} (You acquired it in Pandemonium)
112591 | Pan      | Noticed Lonnueb the pandemonium lord
112603 | Pan      | Killed Lonnueb the pandemonium lord
112724 | Pan      | Noticed Nunarch the pandemonium lord
112761 | Pan      | Killed Nunarch the pandemonium lord
112875 | Pan      | Reached skill level 27 in Invocations
112906 | Pan      | Reached skill level 1 in Evocations
113495 | Pan      | Entered the realm of Gloorx Vloq.
113498 | Pan      | Reached skill level 5 in Evocations
113678 | Pan      | Noticed Gloorx Vloq
113705 | Pan      | HP: 12/252 [Gloorx Vloq] (8)]
113705 | Pan      | HP: 4/252 [Executioner[Gloorx Vloq] (5)]
113706 | Pan      | Engulfed by Gloorx Vloq's foul pestilence

Vault maps used:
D:1:      minmay_arrival_four_houses
D:2:      uniq_iyjb, uniq_natasha
D:3:      kennysheep_big_flooded_room, first_bread,
          hangedman_decor_diamond_cutter
D:4:      lemuel_crystal_altar, uniq_menkaure
D:7:      nicolae_overflow_crystal_walls, minmay_temple_entry_statues_fountains,
          basic_altar
D:8:      lemuel_doored_altar, slow_altar_1, kennysheep_mini,
          kennysheep_mini_moat, grunt_lair_entry_orc_guard_hut, serial_shops,
          nicolae_shop_statue_plus, the_bakery, nemelex_diamond_rough_becter,
          uniq_erolcha
D:9:      nicolae_overflow_hidden_temple, gammafunk_temple_overflow_pools,
          basic_altar, fedhas_altar_1
D:10:     erik_orc_4
D:11:     uniq_maurice
D:13:     david_vaults_2, nicolae_trove_entry_free_sample, uniq_josephine
D:14:     lab_entry_generic, serial_bayou_shore_a, grunt_gozag_breadcrumbs,
          uniq_azrael
D:15:     gammafunk_enter_depths_forms, serial_ice, serial_ice_i, serial_ice_c,
          serial_ice_n, serial_ice_f, serial_ice_o, serial_ice_m, serial_ice_h,
          minivault_24, hangedman_decor_points, st_stairs_4,
          minmay_misc_feat_roman, minmay_misc_feat_doors, minivault_15,
          minmay_fire_ice_demons
Temple:   pf_slime_end_temple
Lair:1:   uniq_harold
Lair:2:   beast_lair_carwin_8
Lair:3:   beast_lair_carwin_11, infiniplex_staircase_pool, uniq_gastronok
Lair:5:   minmay_swamp_entry_worms, minmay_another_anthill
Lair:6:   dummy_snake_entry, nicolae_lair_yak_garden
Lair:7:   minmay_slime_entry_pillars, grunt_megastairs_1
Lair:8:   evilmike_catoblepas_cave
Swamp:1:  nicolae_swamp_godswood
Swamp:2:  nicolae_swamp_little_tower
Swamp:3:  nicolae_swamp_rocky_clearing, swamp_pool1, nicolae_swamp_fairy_circle
Swamp:4:  swamp_icy, swamp_pool3
Snake:1:  spider_trap, grunt_ministairs_9, st_stairs_1, uniq_kirke, uniq_aizul
Snake:2:  basic_stair_grate_trap, serial_bayou_shore_b, serial_bayou_shore_b
Snake:3:  st_stairs_4, lemuel_fruit_tree
Snake:4:  snake_pit_salamanders_mu, serial_shops, shop, st_stairs_10,
          corexii_hall_statues_u, hangedman_snake_corridor_cut
Slime:1:  nicolae_slime_pool
Slime:5:  nicolae_slime_round_cave
Orc:1:    serial_shops, shop
Orc:2:    grunt_orc_gardens, grunt_orc_garden, grunt_orc_garden,
          grunt_orc_garden, grunt_orc_garden
Vaults:1: vaults_room_hallway, v_misc_27, nicolae_vaults_little_squares_4,
          vaults_dpeg_ring, vaults_room_hallway, hangedman_vaults_trim,
          ontoclasm_vaults_shuriken, vaults_dpeg_hooks
Vaults:2: ontoclasm_vaults_hangar, v_misc_17,
          nicolae_vaults_stairing_the_circle, ontoclasm_vaults_hangar,
          nicolae_vaults_three_branches, v_pattern_2,
          ontoclasm_vaults_ring_small, nicolae_vaults_hallways_thing,
          grunt_vaults_funnel, vaults_room_corners
Vaults:3: nicolae_vaults_little_squares_4, hangedman_vaults_nails,
          ontoclasm_vaults_loading_screen, nicolae_vaults_alarming,
          minmay_crypt_entry_necro_gods, v_alt_pattern_2, hangedman_vaults_maws,
          ontoclasm_vaults_shout, vaults_dpeg_encased_lava, uniq_xtahua
Vaults:4: vaults_room_door_ring, nicolae_vaults_disjoint_gnomons,
          ontoclasm_vaults_claustrophobia, nicolae_vaults_what_the_h,
          ontoclasm_vaults_tryst, st_lattice, nicolae_vaults_little_squares_4,
          v_misc_3, vaults_mumra_hex, v_misc_31, nicolae_vaults_border_crossing,
          vaults_dpeg_cross, nicolae_vaults_little_squares_6, serial_shops,
          nicolae_shop_waterfront
Crypt:1:  hangedman_weighted_door
Crypt:3:  lightli_unholy_cathedral, nicolae_tomb_entry_rubble_hallway
Tomb:1:   uniq_jorgrun
Tomb:2:   uniq_frederick, uniq_khufu
Tomb:3:   uniq_mennas
Depths:1: kennysheep_minor_cross, pf_hell_entry_great_geh, st_stairs_14,
          hangedman_decor_opposing, eino_small_chamber_without_monster,
          minmay_misc_feat_enclosed, spider_trap,
          hangedman_abyss_or_decor_passed, nrook_mini_backslash,
          minmay_stone_trees_medium, minmay_misc_feat_five,
          kennysheep_generic_room_10, uniq_asterion
Depths:2: minmay_box_of_statues, ashenzari_altar_1, hangedman_tar_grid_catacomb,
          minmay_staircase_windowed_large
Depths:3: hangedman_cross_cluster, grunt_metal_band, nicolae_water_bricks,
          pan_entry, bh_chokoban
Depths:4: mludivico_vault, enter_ziggurat_f, abyss_entry, corexii_corridor_pit,
          serial_shops, shop, grunt_hell_entry_dis_old,
          infiniplex_staircase_diamond, uniq_mara, uniq_boris
Depths:5: evilmike_zot_entry_argh, serial_shops, shop, shop_statue,
          nicolae_shop_trees, shop, nicolae_shop_waterfront, hell_entry,
          serial_bayou_ford_a
Dis:1:    grunt_megastairs_4
Dis:2:    hangedman_dis_decor_tower, grunt_dis_stairs_iron_hall,
          grunt_megastairs_3
Dis:3:    grunt_megastairs_2
Dis:7:    iron_city_of_dis
Geh:7:    geh_mu
Coc:7:    coc_old
Tar:5:    nicolae_tar_cuneiform_heaven
Tar:7:    tar_old
Pan:      rand_demon_5, evilmike_holy_pan, evilmike_mini_pan_V, rand_demon_3,
          evilmike_mini_pan_3x3, rand_demon_4, evilmike_mini_pan_corridor,
          evilmike_mini_pan_T, nicolae_pan_giant_door, pan_blood_fountain_small,
          rand_demon_8, rand_demon_9, nicolae_pan_mnolegish_1, pan_disco_hall,
          rand_demon_4, evilmike_mini_pan_layers, grunt_pan_spiral,
          pan_blood_fountain_small, evilmike_mini_pan_other_thingy,
          pan_blood_fountain, evilmike_mini_pan_3x3, rand_demon_4,
          nicolae_pan_giant_door, evilmike_mini_pan_rooms, pan_blood_fountain_2,
          grunt_pan_spiral, evilmike_mini_pan_other_thingy,
          nicolae_pan_sigil_nadil, reaverb_pan_squares, rand_demon_9,
          nicolae_pan_gloorx_vloqian_2, evilmike_cerebov_lava, lom_lobon,
          nicolae_pan_giant_door, evilmike_mini_pan_diamond,
          mnoleg_grunt_wretched_star, evilmike_mini_pan_possible_glass,
          pan_blood_fountain_small, nicolae_pan_sigil_nadil, rand_demon_5,
          lemuel_hall_of_pain, nicolae_pan_mnolegish_2,
          evilmike_mini_pan_branches, rand_demon_2, nicolae_pan_mnolegish_4,
          evilmike_mini_pan_corner, pan_blood_fountain, rand_demon_3,
          evilmike_mini_pan_doors, uniq_ignacio, grunt_pan_spiral,
          evilmike_gloorx_vloq_box, uniq_ignacio, nicolae_pan_sick_transit,
          nicolae_pan_gloorx_vloqian_3

Action                   |  1- 3 |  4- 6 |  7- 9 | 10-12 | 13-15 | 16-18 | 19-21 | 22-24 | 25-27 || total
-------------------------+-------+-------+-------+-------+-------+-------+-------+-------+-------++-------
Melee: Long sword        |    84 |   167 |   320 |   664 |       |       |       |       |       ||  1235
       Great sword       |       |       |       |    21 |  1418 |  1600 |   818 |       |       ||  3857
       Demon blade       |       |       |       |       |       |       |   401 |       |       ||   401
       Triple sword      |       |       |       |       |       |       |   159 |  1225 |  7932 ||  9316
Invok: Heroism           |       |       |       |     1 |     6 |    20 |     9 |    15 |     1 ||    52
       Finesse           |       |       |       |       |     2 |    14 |    11 |     3 |     1 ||    31
       Cleansing Flame   |       |       |       |       |       |       |       |       |    59 ||    59
       Divine Shield     |       |       |       |       |       |       |       |       |    76 ||    76
       Brand Weapon With |       |       |       |       |       |       |       |       |     1 ||     1
       Summon Divine War |       |       |       |       |       |       |       |       |    94 ||    94
 Abil: Dig               |       |     1 |     2 |     1 |     7 |     6 |    10 |       |    37 ||    64
       Stop Flying       |       |       |       |       |       |       |     1 |       |       ||     1
       Evoke Flight      |       |       |       |       |       |       |       |       |     1 ||     1
Evoke: Wand              |       |       |       |     5 |     2 |       |       |       |       ||     7
  Use: Potion            |     1 |       |       |     5 |     3 |     3 |     3 |     3 |    26 ||    44
       Scroll            |       |       |    14 |     6 |     9 |     9 |     4 |    10 |    54 ||   106
 Stab: Distracted        |       |       |       |       |       |       |       |       |     2 ||     2
       Confused          |       |       |       |       |       |       |       |       |     1 ||     1
       Sleeping          |       |       |       |       |       |       |       |       |     1 ||     1
  Eat: Chunk             |       |     7 |    15 |    41 |    48 |    45 |    33 |    13 |   100 ||   302
       Pizza             |       |       |       |       |       |       |       |     3 |     5 ||     8
       Fruit             |       |       |       |       |       |       |       |     2 |    10 ||    12
       Royal jelly       |       |       |       |       |       |       |       |     1 |     7 ||     8
       Meat ration       |       |       |       |       |       |       |       |     1 |    15 ||    16
       Beef jerky        |       |       |       |       |       |       |       |       |    13 ||    13
